 Dungeon Crawl Stone Soup version 0.25.0-33-gff14898491 (webtiles) character file.

Game seed: 10059994608657496420

1202 Peloso the Slasher (level 8, -9/61 HPs)
             Began as a Demonspawn Fighter on July 6, 2020.
             Killed from afar by an orc wizard (15 damage)
             ... with a bolt of acid
             ... on level 7 of the Dungeon.
             The game lasted 00:11:41 (5810 turns).

Peloso the Slasher (Demonspawn Fighter)             Turns: 5810, Time: 00:11:42

Health: -9/61      AC:  6    Str: 19    XL:     8   Next: 21%
Magic:  8/8        EV:  4    Int: 10    God:
Gold:   265        SH: 15    Dex: 12    Spells: 7/7 levels left

rFire    . . .     SeeInvis .   a - +0 long sword
rCold    + . .     Gourm    .   c - +0 kite shield
rNeg     . . .     Faith    .   u - +0 plate armour
rPois    .         Spirit   .   (no helmet)
rElec    .         Reflect  +   (no cloak)
rCorr    .         Harm     .   (no gloves)
MR       .....                  j - +0 pair of boots
Stlth    ..........             p - amulet of reflection
HPRegen  0.20/turn              g - ring of flight
MPRegen  0.11/turn              (no ring)

@: corroded
A: claws 2, icy blue scales 1, cold resistance 1
a: Evoke Flight


You were on level 7 of the Dungeon.
You were not hungry.

You visited 1 branch of the dungeon, and saw 7 of its levels.
You also visited: Sewer.

You collected 265 gold pieces.

Inventory:

Hand Weapons
 a - a +0 long sword (weapon)
Missiles
 B - 21 bolts
Armour
 b - a +0 scale mail
 c - a +0 kite shield (worn)
 j - a +0 pair of boots (worn)
 u - a +0 plate armour (worn)
Jewellery
 g - a ring of flight (left claw)
 p - an amulet of reflection (around neck)
Wands
 C - a wand of iceblast (6)
 E - a wand of paralysis (9)
Scrolls
 e - 2 scrolls of amnesia
 h - a scroll of enchant armour {unknown}
 m - a scroll of teleportation {unknown}
 r - 2 scrolls of magic mapping
 s - a scroll of fear {unknown}
 t - 4 scrolls of identify {unknown}
 x - 2 scrolls of remove curse
 y - a scroll of random uselessness {unknown}
 D - a scroll of noise {unknown}
Potions
 d - 5 potions of might
 i - 2 potions of curing
 k - a potion of mutation {unknown}
 l - a potion of heal wounds
 n - 2 potions of stabbing {unknown}
 o - 4 potions of flight
 q - a potion of haste {unknown}
 v - a potion of degeneration {unknown}
 w - 2 potions of brilliance {unknown}
 z - a potion of lignification {unknown}
 F - a potion of magic {unknown}
 G - a potion of ambrosia {unknown}
Comestibles
 f - 11 rations
 A - 3 chunks of flesh


   Skills:
 + Level 4.4 Fighting
 + Level 5.9 Long Blades
 + Level 3.9 Armour
 + Level 1.6 Dodging
 + Level 0.2 Stealth
 + Level 5.7 Shields
 + Level 0.1 Evocations


You had 7 spell levels left.
You didn't know any spells.
Your spell library was empty.

Dungeon Overview and Level Annotations

Branches:
Dungeon (8/15)              Sewer (visited)
 Temple: D:4-7         Lair: D:8-11

Altars:
Ashenzari
Dithmenos
Fedhas
Makhleb

Shops:
D:7 %(


Innate Abilities, Weirdness & Mutations

You have very sharp fingernails.
You are partially covered in icy blue scales. (AC +2)
Your flesh is cold resistant. (rC+)


Message History

The orc wizard zaps a wand.
The bolt of acid hits you. The acid corrodes you!
You are splashed with acid!
You hit the orc wizard.
The orc wizard is lightly wounded.
The orc wizard zaps a wand.
The bolt of acid hits you! The acid corrodes you!
You are splashed with acid!
Your shield and plate armour prevent you from hitting the orc wizard.
The orc wizard is lightly wounded.
The orc wizard hits you but does no damage.
You closely miss the orc wizard.
The orc wizard is lightly wounded.
The orc wizard zaps a wand.
The bolt of acid hits you.
* * * LOW HITPOINT WARNING * * *
You are splashed with acid!
* * * LOW HITPOINT WARNING * * *
You closely miss the orc wizard.
The orc wizard is lightly wounded.
The orc wizard hits you but does no damage.
The orc wizard zaps a wand.
The bolt of acid hits you!
You die...

#...........'......
....
#.#...##...##...##
.....
####.#...###.[.....#
..##.. #....#...#
#.......# #....##.##
#.......# #.......#
#####...# #....####
###.# ######
#########.#
......o@..#
########.....#
..#...... ...'......
#####...... ......
....## ...#


You could see an orc wizard.

Vanquished Creatures
  A hungry ghost (D:7)
  A phantom (D:4)
  An ogre (D:8)
  A centaur (D:7)
  A big kobold (Sewer)
  2 bullfrogs
  A scorpion (D:8)
  3 howler monkeys (D:4)
  2 crimson imps
  A hound (D:5)
  A jelly (D:8)
  A centaur skeleton (D:8)
  Natasha (thrice) (D:2)
  Ijyb (D:5)
  7 adders
  A river rat (Sewer)
  An ooze (D:1)
  3 worms
  3 dart slugs
  2 leopard geckos (D:2)
  13 orcs
  7 giant cockroaches
  14 goblins
  14 hobgoblins
  14 jackals
  4 kobolds
  4 quokkas
  9 bats
  5 frilled lizards
  A jackal skeleton (D:7)
  A leopard gecko skeleton (D:4)
  A quokka skeleton (D:7)
  11 rats
135 creatures vanquished.

Notes
Turn   | Place    | Note
-------+----------+-------------------------------------------
     0 | D:1      | Peloso the Demonspawn Fighter began the quest for the Orb.
     0 | D:1      | Reached XP level 1. HP: 18/18 MP: 1/1
     2 | D:1      | Noticed a felid
     2 | D:1      | Noticed a formicid
     4 | D:1      | Noticed a vampire
     6 | D:1      | Noticed a troll
     6 | D:1      | Noticed a demonspawn
     9 | D:1      | Noticed a ghoul
     9 | D:1      | Noticed an ogre
    11 | D:1      | Noticed a minotaur
    11 | D:1      | Noticed a tengu
    13 | D:1      | Noticed a vine stalker
    13 | D:1      | Noticed a naga
    15 | D:1      | Noticed a gargoyle
    15 | D:1      | Noticed a spriggan
    17 | D:1      | Noticed a demigod
    19 | D:1      | Noticed a centaur
    19 | D:1      | Noticed a human
    21 | D:1      | Noticed a dwarf
    23 | D:1      | Noticed an octopode
    23 | D:1      | Noticed an elf
    25 | D:1      | Noticed a draconian
    25 | D:1      | Noticed a merfolk
    27 | D:1      | Noticed a halfling
   171 | D:1      | Gained mutation: Your flesh is cold resistant. (rC+)
                  | [demonic ancestry]
   171 | D:1      | Reached XP level 2. HP: 19/24 MP: 2/2
   397 | D:1      | Gained mutation: You are partially covered in icy blue
                  | scales. (AC +2) [demonic ancestry]
   397 | D:1      | Reached XP level 3. HP: 29/29 MP: 3/3
   826 | D:2      | Found a burning altar of Makhleb.
  1074 | D:2      | Noticed Natasha
  1087 | D:2      | Killed Natasha
  1087 | D:2      | Reached skill level 1 in Dodging
  1087 | D:2      | Gained mutation: You have sharp fingernails. [demonic
                  | ancestry]
  1087 | D:2      | Reached XP level 4. HP: 3/35 MP: 4/4
  1596 | D:2      | Found a shadowy altar of Dithmenos.
  1596 | D:2      | Noticed Natasha
  1617 | D:2      | Killed Natasha
  1702 | D:2      | Noticed Natasha
  1726 | D:2      | Killed Natasha
  1726 | D:2      | Reached XP level 5. HP: 10/41 MP: 5/5
  3405 | D:4      | Found a shattered altar of Ashenzari.
  3429 | D:4      | Found a glowing drain.
  3434 | Sewer    | Entered a sewer
  3547 | Sewer    | Reached XP level 6. HP: 43/48 MP: 6/6
  3591 | Sewer    | Found a white marble altar of Elyvilon.
  4591 | D:5      | Entered Level 5 of the Dungeon
  4591 | D:5      | Noticed Ijyb
  4602 | D:4      | Reached XP level 7. HP: 42/53 MP: 7/7
  4690 | D:5      | Killed Ijyb
  4690 | D:5      | Reached skill level 5 in Shields
  5090 | D:5      | Found a blossoming altar of Fedhas.
  5121 | D:5      | You fall into a shaft and drop 3 floors!
  5264 | D:8      | Reached skill level 5 in Long Blades
  5526 | D:7      | Found Tecwiohi's Antique Weapon Shoppe.
  5540 | D:7      | Noticed a hungry ghost
  5570 | D:7      | Killed a hungry ghost
  5570 | D:7      | Gained mutation: You have very sharp fingernails. [demonic
                  | ancestry]
  5570 | D:7      | Reached XP level 8. HP: 60/61 MP: 8/8
  5738 | D:7      | Found Koqedos's Food Emporium.
  5804 | D:7      | Identified the ring of Harmony {rCorr Dex+4 SInv}
  5810 | D:7      | Killed from afar by an orc wizard

Illustrated notes

Levels and vault maps discovered:
D:1:      kb_arrival_jail, layout_basic
D:2:      layout_loops_cross, old_standard_altar, lemuel_crystal_altar,
          minmay_circle_x, uniq_natasha
D:3:      layout_basic
D:4:      layout_loops_corners, portal_sewer_entry_e, lemuel_altar_in_water2
D:5:      layout_loops_ring, old_standard_altar, old_standard_altar,
          minmay_temple_entry_fiery, first_ration, evilmike_ruin_ashenzari,
          uniq_ijyb
D:7:      layout_basic, tgw_sif, kennysheep_mini_moat, lemuel_round_altar,
          serial_shops, nicolae_shop_stone, kennysheep_little_box,
          nicolae_shop_competitors_out_of_business, shop,
          nicolae_shop_window_shopping, the_bakery
D:8:      layout_rooms, fedhas_altar_3

Skill      XL: |  1  2  3  4  5  6  7 |
---------------+----------------------+-----
Shields        | 3 4 5 |  5.7
Long Blades    | 2 3 4 5 |  5.9
Dodging        | 1 |  1.6
Armour         | 3 |  3.9
Fighting       | 4 |  4.4
Stealth        | |  0.2
Evocations     | |  0.1

Action                   |  1- 3 |  4- 6 |  7- 9 || total
-------------------------+-------+-------+-------++-------
Melee: Long sword        |   140 |   359 |   191 ||   690
Evoke: Wand              |       |       |     2 ||     2
  Use: Scroll            |       |     4 |       ||     4
       Potion            |       |     3 |       ||     3
  Eat: Chunk             |     1 |    12 |     8 ||    21
Armor: Scale mail        |   138 |     9 |       ||   147
       Plate armour      |       |   179 |    89 ||   268
Dodge: Dodged            |    78 |    47 |    28 ||   153
Block: Kite shield       |   119 |   299 |   157 ||   575
       Reflection        |       |     1 |     2 ||     3
       Rpst.: Long sword |    24 |     8 |    10 ||    42
